 Dungeon Crawl Stone Soup version 0.25-a0-566-g062765be81 (webtiles) character file.

Game seed: 14524410744476438149, levelgen mode: deterministic

15005 Flugslaktarn the Cleaver (level 11, -2/103 HPs)
             Began as a Deep Dwarf Fighter on Feb 27, 2020.
             Was a High Priest of Makhleb.
             Engulfed by a smoke demon's steam (6 damage)
             ... summoned by an orc high priest
             ... on level 2 of the Orcish Mines.
             The game lasted 00:06:46 (8328 turns).

Flugslaktarn the Cleaver (Deep Dwarf Fighter)       Turns: 8328, Time: 00:06:46

Health: -2/103     AC:  8    Str: 23    XL:     11   Next: 96%
Magic:  2/2        EV:  6    Int:  9    God:    Makhleb [*****.]
Gold:   263        SH: 22    Dex: 12    Spells: 10/10 levels left

rFire    . . .     SeeInvis .   a - +0 war axe
rCold    . . .     Gourm    .   p - +2 kite shield
rNeg     . . .     Faith    .   o - +0 plate armour
rPois    .         Spirit   .   (no helmet)
rElec    .         Reflect  +   b - +1 cloak
rCorr    .         Harm     .   (no gloves)
MR       +....     Rnd*Tele +   D - +2 pair of boots {Fly}
Stlth    ..........             A - brooch of Shielding {Reflect SH+8}
HPRegen  0.00/turn              j - +2 ring of slaying
MPRegen  0.08/turn              (no ring)

@: liquid flames, corroded, flying, non-regenerating, glowing
A: damage resistance, heal wounds, low mp 1, sense surroundings 2, teleportitis
1, no regeneration
a: Heal Wounds, Minor Destruction, Lesser Servant of Makhleb, Major Destruction,
Greater Servant of Makhleb, Renounce Religion, Stop Flying


You were on level 2 of the Orcish Mines.
You worshipped Makhleb.
Makhleb was extremely pleased with you.
You were not hungry.

You visited 3 branches of the dungeon, and saw 13 of its levels.

You collected 960 gold pieces.
You spent 697 gold pieces at shops.

Inventory:

Hand Weapons
 a - a +0 war axe (weapon)
 I - a +1 scimitar of flaming
   (You took it off Erica on level 10 of the Dungeon)
Missiles
 H - 2 throwing nets (quivered)
Armour
 b - a +1 cloak (worn)
   (You took it off Crazy Yiuf on level 6 of the Dungeon)
 o - a +0 plate armour (worn)
   (You took it off an orc warrior on level 8 of the Dungeon)
 p - a +2 kite shield (worn)
   (You found it on level 6 of the Dungeon)
 D - a +2 pair of boots of flying (worn)
   (You bought it in a shop on level 8 of the Dungeon)
Jewellery
 j - a +2 ring of slaying (left hand)
   (You found it on level 7 of the Dungeon)
 y - an uncursed amulet of harm {unknown}
   (You found it on level 6 of the Dungeon)
 A - the brooch of Shielding (around neck) {Reflect SH+8}
   (You found it on level 6 of the Dungeon)

   [amulet of reflection]

   It shields you and reflects attacks.
   It affects your SH (+8).
Wands
 u - a wand of enslavement (23)
   (You found it on level 6 of the Dungeon)
 G - a wand of iceblast (11)
   (You found it on level 9 of the Dungeon)
Scrolls
 c - a scroll of fog
 k - 2 scrolls of immolation
 t - 6 scrolls of teleportation
 w - 4 scrolls of remove curse
 z - a scroll of blinking
 E - a scroll of fear
 F - a scroll of magic mapping
Potions
 d - a potion of might
 f - a potion of berserk rage
 g - a potion of stabbing
 h - 5 potions of haste
 l - 3 potions of lignification
 q - 5 potions of curing
 s - a potion of degeneration
 x - a potion of ambrosia
Comestibles
 e - 7 rations


   Skills:
 + Level 8.0 Fighting
 * Level 12.4 Axes
 + Level 9.5 Armour
 + Level 9.4 Shields
 + Level 9.8 Invocations


You had 10 spell levels left.
You didn't know any spells.
Your spell library was empty.

Dungeon Overview and Level Annotations

Branches:
Dungeon (10/15)            Temple (1/1) D:4            Lair (0/6) D:8
    Orc (2/2) D:9             Elf (0/3) Orc:2

Altars:
Ashenzari
Dithmenos
Fedhas
Gozag
Hepliaklqana
Makhleb
Nemelex Xobeh
Qazlal
Ru
Sif Muna
Trog
Uskayaw
Vehumet
Wu Jian
Xom
Zin
The Shining One

Shops:
D:8 }[:%:   Orc:2 :?!

Annotations:
D:9 exclusion: oklob sapling


Innate Abilities, Weirdness & Mutations

You are resistant to damage.
You can heal yourself by infusing magical energy.
You passively map the area around you.
You do not regenerate.
Your magical capacity is low. (-10% MP)
You are occasionally teleported next to monsters.


Message History

The ball of steam hits you!!
* * * LOW HITPOINT WARNING * * *
You are too injured to fight recklessly!
You slash the orc high priest!
The orc high priest is almost dead.
Your shield and plate armour prevent you from hitting the smoke demon.
You are engulfed in a cloud of scalding steam.
* * * LOW HITPOINT WARNING * * *
You are covered in liquid flames!
* * * LOW HITPOINT WARNING * * *
You block the red devil's attack.
The orc high priest hits you with a +0 flail.
* * * LOW HITPOINT WARNING * * *
The smoke demon barely misses you. You block the smoke demon's attack.
The smoke demon hits you but does no damage.
You closely miss the orc high priest.
The orc high priest is almost dead.
You slash the smoke demon!
You are engulfed in a cloud of scalding steam.
You die...

..## ,, , , * #......
.## , , ###.....# ##*
, , * #.......# # , *
##......# * * * ##
###.....## ,*, , * *
#.## ##........# , **
##4..###..).....## #.#
##3#.###...[.....#
...# *,
##.@o###...##.##..#
##...##,,
,##..ยง###...#####...#
###...## ##...###..###
##### )###...##
##...###..## ##.# #
.)###...###...###..##
###..###
#))##....#....##..##
#.......
##..#.#..)..#)#..##
#.......
###..).).....)).##
#....###
.###...#.#.#)).##
#.....##


You could see an orc high priest, a smoke demon and a red devil.

Vanquished Creatures
  Erica (D:10)
  An orc high priest (Orc:2)
  Pikel (D:6)
  2 orc knights (Orc:2)
  An orc sorcerer (Orc:2)
  2 ugly things
  A rust devil (Orc:2)
  A red devil (Orc:2)
  An ice devil (Orc:2)
  A merfolk (D:9)
  2 hornets (D:9)
  3 trolls
  10 yaks
  2 hungry ghosts (D:8)
  A neqoxec (Orc:2)
  Grum (D:8)
  A water moccasin (D:9)
  A porcupine (D:8)
  23 orc warriors
  2 sky beasts
  An eye of draining (D:10)
  3 ice beasts
  2 black bears
  3 slaves (D:6)
  4 wolves (D:8)
  A phantom (D:8)
  7 ogres
  A crocodile (D:8)
  A centaur (D:6)
  A big kobold (D:8)
  7 bullfrogs
  2 scorpions (D:6)
  4 wights (D:6)
  4 killer bees (D:9)
  A howler monkey (D:9)
  3 electric eels (D:9)
  2 crimson imps (D:7)
  A quasit (D:8)
  A jelly (D:8)
  5 hounds
  15 orc priests
  Crazy Yiuf (D:6)
  12 orc wizards
  3 iguanas
  6 worker ants
  A killer bee zombie (D:5)
  A hound zombie (D:5)
  A hound skeleton (D:10)
  15 adders
  6 shadow imps
  An adder zombie (D:8)
  3 worms
  2 dart slugs (D:1)
  5 leopard geckos
  67 orcs
  5 goblins
  4 hobgoblins
  A quokka (D:9)
  7 ball pythons
  6 bats
  2 frilled lizards
  6 kobolds
  2 leopard gecko skeletons
  A leopard gecko zombie (D:6)
  A rat (D:1)
286 creatures vanquished.

Vanquished Creatures (collateral kills)
  Sonja (Orc:2)
1 creature vanquished.

Vanquished Creatures (others)
  An orc (Orc:1)
  10 fungi (D:8)
  4 plants
15 creatures vanquished.

Grand Total: 302 creatures vanquished

Notes
Turn   | Place    | Note
-------+----------+-------------------------------------------
     0 | D:1      | Flugslaktarn the Deep Dwarf Fighter began the quest for the
                  | Orb.
     0 | D:1      | Reached XP level 1. HP: 20/20 MP: 1/1
   212 | D:1      | Reached XP level 2. HP: 18/27 MP: 2/2
   673 | D:2      | Reached skill level 3 in Axes
   673 | D:2      | Reached XP level 3. HP: 24/33 MP: 3/3
   748 | D:3      | Noticed a sky beast
   771 | D:3      | HP: 1/34 [something (4)]
   807 | D:3      | Killed a sky beast
   807 | D:3      | Reached skill level 4 in Axes
   807 | D:3      | Reached XP level 4. HP: 35/42 MP: 3/3
   807 | D:3      | Reached XP level 5. HP: 41/49 MP: 4/4
   965 | D:4      | Found a staircase to the Ecumenical Temple.
   996 | D:4      | Identified the cursed ring of Fragile Peace {rC- Int+3
                  | Slay-3 SInv}
  1088 | D:5      | Entered Level 5 of the Dungeon
  1093 | D:5      | Noticed an ice beast
  1106 | D:5      | Killed an ice beast
  1106 | D:5      | Reached XP level 6. HP: 45/57 MP: 4/4
  1173 | Temple   | Entered the Ecumenical Temple
  1487 | D:4      | Found a burning altar of Makhleb.
  1505 | D:4      | Became a worshipper of Makhleb the Destroyer
  1536 | D:4      | Found an ornate altar of the Wu Jian Council.
  1909 | D:4      | Found a hazy altar of Hepliaklqana.
  2045 | D:4      | Reached skill level 5 in Axes
  2053 | D:4      | Reached skill level 1 in Invocations
  2462 | D:5      | Reached XP level 7. HP: 44/64 MP: 6/6
  2942 | D:6      | Reached skill level 5 in Shields
  2950 | D:6      | Reached skill level 5 in Armour
  3002 | D:6      | Reached * piety under Makhleb
  3004 | D:6      | Noticed Pikel
  3033 | D:6      | Killed Pikel
  3033 | D:6      | Reached skill level 6 in Axes
  3033 | D:6      | Reached XP level 8. HP: 46/73 MP: 5/7
  3107 | D:6      | Found the brooch of Shielding {Reflect SH+8}
  3243 | D:6      | Found a shimmering blue altar of Sif Muna.
  3531 | D:6      | Reached skill level 7 in Axes
  3619 | D:6      | Noticed a brown ugly thing
  3641 | D:6      | Killed a brown ugly thing
  3641 | D:6      | Reached skill level 5 in Fighting
  3657 | D:6      | Reached skill level 5 in Invocations
  3657 | D:6      | Gained mutation: You passively map the area around you.
                  | [Deep Dwarf growth]
  3657 | D:6      | Reached XP level 9. HP: 77/81 MP: 6/6
  3666 | D:6      | Reached skill level 8 in Axes
  3883 | D:6      | Found a runed translucent door.
  3884 | D:6      | Noticed Crazy Yiuf
  3890 | D:6      | Killed Crazy Yiuf
  4359 | D:7      | Found a shimmering altar of Xom.
  4363 | D:7      | Found a shimmering altar of Xom.
  4364 | D:7      | Found a shimmering altar of Xom.
  4365 | D:7      | Found a shimmering altar of Xom.
  4369 | D:7      | Found a shimmering altar of Xom.
  4370 | D:7      | Found a shimmering altar of Xom.
  4370 | D:7      | Found a shimmering altar of Xom.
  4371 | D:7      | Found a shimmering altar of Xom.
  4526 | D:8      | Found Cattezarr's Book Shop.
  4544 | D:8      | Found Isah's Book Emporium.
  4574 | D:8      | Found Rorocad's Food Boutique.
  4673 | D:8      | Reached ** piety under Makhleb
  4779 | D:8      | Reached skill level 9 in Axes
  4795 | D:8      | Found a hide-covered altar of Uskayaw.
  4869 | D:8      | Noticed Grum
  4883 | D:8      | Reached XP level 10. HP: 54/91 MP: 7/9
  4899 | D:8      | Killed Grum
  4902 | D:8      | Found a staircase to the Lair.
  4975 | D:8      | Found Nufateit's Antique Armour Shop.
  4981 | D:8      | Bought a pair of glowing boots for 187 gold pieces
  5379 | D:8      | Found Pasainuish's Gadget Boutique.
  5440 | D:8      | Reached skill level 10 in Axes
  5859 | D:9      | Reached *** piety under Makhleb
  6097 | D:9      | Paralysed by a hornet for 3 turns
  6181 | D:9      | Identified the Almanac of Nature
  6189 | D:9      | Found a blossoming altar of Fedhas.
  6334 | D:9      | Reached **** piety under Makhleb
  6369 | D:9      | Noticed a brown ugly thing
  6387 | D:9      | Killed a brown ugly thing
  6579 | D:9      | Reached skill level 11 in Axes
  6623 | D:9      | Reached XP level 11. HP: 89/100 MP: 6/6
  6976 | D:9      | Found a staircase to the Orcish Mines.
  7033 | D:10     | Entered Level 10 of the Dungeon
  7045 | D:10     | Noticed Erica
  7065 | D:10     | Killed Erica
  7139 | Orc:1    | Entered Level 1 of the Orcish Mines
  7306 | Orc:2    | Entered Level 2 of the Orcish Mines
  7335 | Orc:2    | Noticed Sonja
  7350 | Orc:2    | Killed Sonja
  7487 | Orc:2    | Reached ***** piety under Makhleb
  7569 | Orc:2    | Noticed an orc high priest
  7583 | Orc:2    | Gained mutation: Your magical capacity is low. (-10% MP) [a
                  | neqoxec]
  7596 | Orc:2    | Killed an orc high priest
  7643 | Orc:2    | Found a staircase to the Elven Halls.
  7648 | Orc:2    | Noticed an orc sorcerer
  7672 | Orc:2    | Killed an orc sorcerer
  7698 | Orc:2    | Found Taoconih's Book Shoppe.
  7738 | Orc:2    | Noticed an orc knight
  7767 | Orc:2    | Killed an orc knight
  7767 | Orc:2    | Reached skill level 12 in Axes
  7784 | Orc:2    | Noticed an orc knight
  7800 | Orc:2    | Found Rouhipuogh's Magic Scroll Shop.
  7849 | Orc:2    | Killed an orc knight
  7928 | Orc:2    | Found Xoyq's Distillery.
  7944 | Orc:2    | Gained mutation: You are occasionally teleported next to
                  | monsters. [a neqoxec]
  8035 | Orc:2    | Bought a potion of haste for 170 gold pieces
  8035 | Orc:2    | Bought a potion of haste for 170 gold pieces
  8035 | Orc:2    | Bought a potion of haste for 170 gold pieces
  8290 | Orc:2    | Noticed an orc high priest
  8327 | Orc:2    | HP: 4/103 [orc high priest/+0 flail (3)]
  8328 | Orc:2    | Engulfed by a smoke demon's steam

Levels and vault maps discovered:
D:1:      dpeg_arrival_solitude, layout_basic, minmay_split_cup_large
D:2:      layout_rooms, lemuel_doored_altar, elyvilon_altar_5
D:3:      layout_basic, gammafunk_temple_overflow_forgotten, grunt_ministairs_2
D:4:      layout_basic, nicolae_overflow_crystal_walls, lemuel_round_altar,
          makhleb_grotto_becter, minmay_temple_entry_from_below_a
D:5:      layout_gridville, first_ration
D:6:      cheibrodos_barr_body, layout_layer_cave, lemuel_blue_sif_altar,
          uniq_pikel, uniq_crazy_yiuf_cottage
D:7:      layout_cave_pools, xom_shifter_show
D:8:      layout_layer_cave, lemuel_round_altar, due_lair_maze_entry_diamond,
          serial_shops, shop, nicolae_shop_temple_entry_statues_fountains, shop,
          nicolae_shop_crystal, shop, uniq_grum
D:9:      layout_loops_ring, erik_orc_2, hangedman_fish_farm,
          minmay_misc_feat_encased, introduction_to_nature_2
D:10:     layout_basic, uniq_erica, uniq_josephine
Temple:   minmay_temple_curvy_loop
Orc:1:    layout_caves, portal_ice_cave_entry_pillars_1, rock_pile
Orc:2:    pf_orc_diabolical, layout_diamond_mine, serial_shops, shop,
          nicolae_orc_pool_cavern, uniq_sonja

Skill      XL: |  1  2  3  4  5  6  7  8  9 10 11 |
---------------+----------------------------------+-----
Axes           | 3 4 5 6 7 9 11 12 | 12.4
Fighting       | 3 4 5 6 7 8 |  8.0
Armour         | 4 5 6 7 8 9 |  9.5
Shields        | 4 5 6 7 8 9 |  9.4
Invocations    | 1 3 5 6 8 9 |  9.8

Action                   |  1- 3 |  4- 6 |  7- 9 | 10-12 || total
-------------------------+-------+-------+-------+-------++-------
Melee: War axe           |   162 |   148 |   400 |   756 ||  1466
Invok: Lesser Servant of |       |       |       |     2 ||     2
 Abil: Heal Wounds       |     6 |     5 |    11 |    23 ||    45
  Use: Potion            |       |       |       |     3 ||     3
       Scroll            |       |       |       |    17 ||    17
 Stab: Invisible         |       |       |       |     9 ||     9
       Distracted        |       |       |       |     2 ||     2
  Eat: Chunk             |       |     2 |    10 |    10 ||    22
       Ration            |       |     1 |     1 |     1 ||     3
Armor: Scale mail        |    10 |       |       |       ||    10
       Chain mail        |    95 |    65 |   154 |    29 ||   343
       Plate armour      |       |       |       |   195 ||   195
Dodge: Dodged            |    34 |    34 |    66 |    87 ||   221
Block: Kite shield       |    91 |    82 |   408 |   836 ||  1417
       Reflection        |       |       |       |    26 ||    26

Table legend:
 A = Non-vault XP
 B = Vault XP
 C = Vault XP percentage of total XP
 D = Non-vault monster count
 E = Vault monster count
 F = Vault count percentage of total count
                 A         B        C        D         E       F
            +---------+---------+-------+---------+---------+-------
      Total |   10913 |   10523 |  49.1 |     178 |     107 |  37.5
            +---------+---------+-------+---------+---------+-------
        D:1 |      28 |       5 |  15.2 |      14 |       4 |  22.2
        D:2 |      26 |       0 |   0.0 |       6 |       0 |   0.0
        D:3 |     178 |       0 |   0.0 |      10 |       0 |   0.0
        D:4 |     252 |      11 |   4.2 |      13 |       1 |   7.1
        D:5 |     296 |       0 |   0.0 |      12 |       0 |   0.0
        D:6 |     314 |    1892 |  85.8 |      10 |      12 |  54.5
        D:7 |     629 |       0 |   0.0 |      20 |       0 |   0.0
        D:8 |    1569 |    1602 |  50.5 |      26 |      12 |  31.6
        D:9 |    3204 |    1764 |  35.5 |      29 |      34 |  54.0
       D:10 |     433 |     950 |  68.7 |       5 |       1 |  16.7
      Orc:1 |     190 |      18 |   8.7 |       5 |       6 |  54.5
      Orc:2 |    3794 |    4281 |  53.0 |      28 |      37 |  56.9
            +---------+---------+-------+---------+---------+-------
